 Dungeon Crawl Stone Soup version 0.30-a0-6-g7c9e10e132 (webtiles) character file.

Game seed: 17178491651585057769

50 Sweeb the Twirler (level 3, 0/28 HPs)
             Began as a Mummy Gladiator on Aug 22, 2022.
             Slain by an orc
             ... wielding a +0 mace
              (4 damage)
             ... on level 3 of the Dungeon.
             The game lasted 00:02:09 (2070 turns).

Sweeb the Twirler (Mummy Gladiator)                 Turns: 2070, Time: 00:02:11

Health: 0/28       AC:  6    Str: 17    XL:     3   Next: 55%
Magic:  3/3        EV: 11    Int:  7    God:
Gold:   96         SH:  0    Dex: 15    Spells: 2/2 levels left

rFire   x . .      SeeInvis .    a - +0 quarterstaff
rCold   + . .      Faith    .    (shield currently unavailable)
rNeg    + + +      Spirit   .    i - +0 ring mail
rPois   ∞          Reflect  .    c - +0 helmet
rElec   .          Harm     .    (no cloak)
rCorr   .          Rampage  .    (no gloves)
Will    .....                    (no boots)
Stlth   +.........               (no amulet)
HPRegen 0.09/turn                (no ring)
MPRegen 0.08/turn                (no ring)

@: no status effects
A: cold resistance 1, negative energy resistance 3, torment resistance 2, heat
vulnerability 1, in touch with death 1, no potions
a: no special abilities


You were on level 3 of the Dungeon.
You visited 1 branch of the dungeon, and saw 3 of its levels.

You collected 96 gold pieces.

Inventory:

Hand Weapons
 a - a +0 quarterstaff (weapon)
Missiles
 d - 3 throwing nets
 e - a javelin (quivered)
Armour
 c - a +0 helmet (worn)
 i - a +0 ring mail (worn)
Scrolls
 f - 3 scrolls of identify
 g - a scroll of amnesia
 h - 2 scrolls of butterflies
 j - a scroll of fear
 k - a scroll of magic mapping


   Skills:
 + Level 2.5 Fighting
 * Level 3.2 Staves
 - Level 1.5 Throwing
 - Level 2.4 Dodging
 + Level 1.2 Stealth


You had 2 spell levels left.
You didn't know any spells.
Your spell library contained the following spells:

 Spells                   Type           Power      Damage    Failure   Level
 Apportation              Tloc           0%         N/A       65%         1
 Iskenderun's Battlesphe  Conj           0%         2d6       100%        5
 Iron Shot                Conj/Erth      0%         9d1       100%        6
 Spellforged Servitor     Conj/Summ      0%         N/A       100%        7


Dungeon Overview and Level Annotations

Branches:
Dungeon (3/15)

Altars:


Innate Abilities, Weirdness & Mutations

You are immune to poison.
Your flesh is cold resistant. (rC+)
You are immune to negative energy. (rN+++)
You are immune to unholy pain and torment.
You are vulnerable to heat. (rF-)
You are in touch with the powers of death.
You do not drink.


Message History

There is a stone staircase leading up here.
The orc wizard attacks as you move away!
The orc wizard hits you but does no damage.
An orc comes into view. It is wielding a +0 club.
An orc wizard comes into view. It is wielding a +0 dagger.
The orc attacks as you move away! The orc misses you.
The orc attacks as you move away! The orc hits you with a +0 whip.
The orc wizard closely misses you. The orc attacks as you move away!
The orc hits you with a +0 flail. The orc attacks as you move away!
The orc hits you with a +0 flail. The orc wizard casts a spell at you.
The magic dart hits you.
The orc wizard casts a spell.
The orc wizard flickers and vanishes!
Deactivating autopickup; reactivate with Ctrl-A.
As you read the scroll of summoning, it crumbles to dust.
Wisps of shadow whirl around you...
A magic dart appears from out of thin air!
The magic dart hits your goblin.
Your goblin dies!
Your goblin's corpse dissolves into shadows!
The orc hits you with a +0 flail.
You sock the orc!
You kill the orc!
You see here a +0 flail.
Something hits you but does no damage. Something hits you.
You hear some strange, mumbled words.
A magic dart appears from out of thin air!
The magic dart hits you. The orc wizard barely misses you.
You barely miss the orc wizard. Something completely misses you.
The orc wizard hits you with a +0 dagger.
You closely miss the orc wizard.
You hear some strange, mumbled words.
A puff of flame appears from out of thin air!
The puff of flame hits you. The fire burns you terribly!
* * * LOW HITPOINT WARNING * * *
The orc wizard hits you but does no damage.
The orc hits you with a +0 mace.
You die...

## .. #####.
#.#.. #)#.# ..
#.#.# .# #{..#
.# #@#####.#
#ooooo..##
####o....#
#...#.###..
+.......>..
#o.<......#
#.....o.....#
.....##o##.#..#
####. #.# .....


You could see 2 orc wizards and 4 orcs.

Vanquished Creatures
  An adder (D:2)
  An orc (D:3)
  4 ball pythons
  4 endoplasms
  2 giant cockroaches
  4 hobgoblins
  A quokka (D:1)
  4 bats
  2 frilled lizards
  4 goblins
  6 kobolds
  4 rats
37 creatures vanquished.

Notes
Turn   | Place    | Note
-------+----------+-------------------------------------------
     0 | D:1      | Sweeb the Mummy Gladiator began the quest for the Orb.
     0 | D:1      | Reached XP level 1. HP: 16/16 MP: 1/1
   334 | D:1      | Reached XP level 2. HP: 22/22 MP: 2/2
   506 | D:1      | Found a faded altar of an unknown god.
   514 | D:1      | Got Plato's Spellbook of the Compass
   831 | D:1      | Reached skill level 1 in Stealth
  1162 | D:2      | Reached skill level 3 in Staves
  1463 | D:2      | Gained mutation: You are in touch with the powers of death.
                  | [Mummy growth]
  1463 | D:2      | Reached XP level 3. HP: 28/28 MP: 3/3
  2070 | D:3      | Slain by an orc

Illustrated notes

Levels and vault maps discovered:
D:1:      amcnicky_arrival_gap_in_the_tavern_cellar, layout_loops_corners,
          serial_glass, glass_columns_a, glass_columns_c,
          minmay_strange_pillars, due_unseen_surprise, feat_on_display,
          shapermc_ecumenical_altar_rom_forum, minmay_ruptured
D:2:      layout_basic, kennysheep_nondescript
D:3:      layout_basic, mainiacjoe_overflow_paths, portal_sewer_entry_e

Skill      XL: |  1  2 |
---------------+-------+-----
Stealth        | 1 |  1.2
Staves         | 3 |  3.2
Fighting       | |  2.5
Throwing       | |  1.5
Dodging        | |  2.4

Action                   || total
-------------------------++-------
Melee: Quarterstaff      ||    94
Throw: Javelin           ||     4
  Use: Scroll            ||     7
Armor: Leather armour    ||     5
       Ring mail         ||    36
Dodge: Dodged            ||    69

Table legend: (Time is in decaauts)
 A = Elapsed time spent in this place.
 B = Non-inter-level travel time spent in this place.
 C = Inter-level travel time spent in this place.
 D = Time resting spent in this place.
 E = Time spent auto-exploring this place.
 F = Levels seen in this place.
 G = Mean time per level.
                   A        B        C        D        E       F      G
               +--------+--------+--------+--------+--------+-----+--------+
         Total |   2086 |   2033 |     53 |     51 |   1668 |   3 |  695.3 |
       Dungeon |   2086 |   2033 |     53 |     51 |   1668 |   3 |  695.3 |
               +--------+--------+--------+--------+--------+-----+--------+

Top non-repeatable levels by time:
     D:1: 1038 daAuts
     D:2: 1029 daAuts
     D:3: 18 daAuts
